 Dungeon Crawl Stone Soup version v3.01-hellcrawl-49-g287a20f (webtiles) character file.

213 Implojin the Ruffian (level 7, 0/55 HPs)
             Began as a Human Fighter on Apr 9, 2017.
             Was an Initiate of Okawaru.
             Slain by a troll (9 damage)
             ... on level 5 of the Dungeon.
             The game lasted 00:08:03 (3853 turns).

Implojin the Ruffian (Human Fighter)                Turns: 3853, Time: 00:08:04

Health: 0/55       AC: 23 (24%)Str: 16  XL:     7   Next: 60%
Magic:  7/7        EV:  7    Int:  8    God:    Okawaru [......]
Gold:   280        SH:  9    Dex: 15    Spells: 6/6 levels left

rFire    . . .     SeeInvis .     - Unarmed
rCold    . . .     Faith    .   b - +0 shield
rNeg     . . .     Spirit   .   A - +5 ring mail of Hegham {rElec rCorr}
rPois    .         Reflect  .   (no helmet)
rElec    +                      D - +2 cloak {MR+}
rCorr    +                      (no gloves)
MR       +....                  y - +0 pair of boots
Stlth    +.........             (no amulet)
Regen    0.2/turn               i - +6 ring of protection
MPRegen  0.2/turn               w - +3 ring of protection

@: no status effects
A: no striking features
a: Renounce Religion


You were on level 5 of the Dungeon.
You worshipped Okawaru.
Okawaru was noncommittal.
You were not hungry.

You visited 1 branch of the dungeon, and saw 5 of its levels.

You collected 280 gold pieces.

Inventory:

Hand Weapons
 n - a +0 hunting sling
 s - a +1 vampiric dagger
   (You took it off Jessica on level 3 of the Dungeon)
 F - a +2 flail of crushing
   (You took it off an orc on level 5 of the Dungeon)
Missiles
 e - 243 sling bullets
 p - 623 stones (quivered)
Armour
 a - a +0 scale mail
 b - a +0 shield (worn)
 u - a +4 ring mail of poison resistance
   (You took it off Terence on level 3 of the Dungeon)
 y - a +0 pair of boots (worn)
 A - the +5 ring mail of Hegham (worn) {rElec rCorr}
   (You found it on level 4 of the Dungeon)

   It insulates you from electricity.
   It protects you from acid and corrosion.
 C - the +0 robe of the Heavens {-Tele rPois rCorr Dex+2}
   (You took it off an orc on level 4 of the Dungeon)

   It affects your dexterity (+2).
   It protects you from poison.
   It prevents most forms of teleportation.
   It protects you from acid and corrosion.
 D - a +2 cloak of magic resistance (worn)
   (You found it on level 4 of the Dungeon)
Jewellery
 i - a +6 ring of protection (left hand)
   (You found it on level 1 of the Dungeon)
 k - an uncursed ring of magical power
   (You found it on level 2 of the Dungeon)
 w - a +3 ring of protection (right hand)
   (You found it on level 4 of the Dungeon)
Wands
 x - a wand of flame (5)
 B - a wand of slowing (3)
Scrolls
 f - a scroll of blinking
 l - 3 scrolls of magic mapping
 m - 3 scrolls of enchant weapon
 o - 3 scrolls of teleportation
 E - a scroll of fog
Potions
 d - a potion of agility
 g - a potion of flight
 j - a potion of invisibility
 q - a potion of magic
 r - a potion of haste
 v - a potion of mutation
 z - a potion of curing


   Skills:
 * Level 4.5 Fighting
 - Level 3.0 Armour
 - Level 3.0 Shields
 - Level 7.0 Unarmed Combat


You had 6 spell levels left.
You didn't know any spells.

Dungeon Overview and Level Annotations

Branches:
Dungeon (5/15)

Altars:
Cheibriados
Dithmenos
Elyvilon
Gozag
Makhleb
Okawaru
Trog
Uskayaw
Vehumet
Xom
Zin
The Shining One


Message History

The troll seems to slow down.
This wand has 5 charges left.
You block the troll's attack. x3
You punch the troll (11)!
The troll is moderately wounded.
Your ring mail of Hegham prevents you from hitting the troll.
The troll is moderately wounded.
The troll bites you (1). The troll claws you (12)!
The troll claws you but does no damage.
You hit the troll (2).
The troll is moderately wounded.
You closely miss the troll.
The troll is moderately wounded.
You block the troll's attack. x2; The troll claws you but does no damage.
An orc comes into view.
You completely miss the troll.
The troll is moderately wounded.
The orc shouts!
The troll bites you but does no damage. The troll closely misses you.
You block the troll's attack.
You hit the orc but do no damage. You punch the troll (9)!
The troll is heavily wounded.
You hit the troll (2).
The troll is heavily wounded.
Unknown command.
You hit the troll but do no damage.
The troll is heavily wounded.
The troll bites you (6). The troll barely misses you.
The troll claws you but does no damage.
You hit the troll (1).
The troll is heavily wounded.
You hit the troll (1).
The troll is heavily wounded.
The troll bites you but does no damage. The troll claws you but does no damage.
The troll barely misses you.
An orc comes into view.
The orc shouts!
You hit the troll (3).
The troll is heavily wounded.
The troll bites you but does no damage. The troll claws you (6).
* * * LOW HITPOINT WARNING * * *
The troll misses you.
Unknown command.
You hit the troll (3).
The troll is heavily wounded.
You hit the troll but do no damage.
The troll is heavily wounded.
The troll bites you (1).
* * * LOW HITPOINT WARNING * * *
The troll barely misses you. You block the troll's attack.
Unknown command.
You hit the troll (5).
The troll is severely wounded.
You block the troll's attack. The troll barely misses you.
The troll claws you but does no damage.
You closely miss the troll.
The troll is severely wounded.
You block the troll's attack.
The troll claws you but does no damage. x2
You hit the troll but do no damage.
The troll is severely wounded.
You hit the troll (3).
The troll is severely wounded.
The troll bites you (3).
* * * LOW HITPOINT WARNING * * *
You block the troll's attack. The troll barely misses you.
Unknown command.
Your shield prevents you from hitting the troll.
The troll is severely wounded.
You block the troll's attack. The troll claws you but does no damage.
The troll claws you (7)!
* * * LOW HITPOINT WARNING * * *
Unknown command.
You closely miss the troll.
The troll is severely wounded.
The troll is no longer moving slowly.
Evoke which item? (* to show all) (? for menu, Esc to quit)
Aiming: Slow
Press: ? - help, Shift-Dir - straight line, f/p - troll
Aim: a troll (severely wounded, chance to defeat MR: 51%)
The troll resists with significant effort.
This wand has 4 charges left.
The troll bites you (1).
* * * LOW HITPOINT WARNING * * *
You block the troll's attack. The troll barely misses you.
Unknown command.
Evoke which item? (* to show all) (? for menu, Esc to quit)
Aiming: Slow
Press: ? - help, Shift-Dir - straight line, f/p - troll
Aim: a troll (severely wounded, chance to defeat MR: 51%)
The troll seems to slow down.
This wand has 3 charges left.
The troll bites you (1).
* * * LOW HITPOINT WARNING * * *
You block the troll's attack. The troll claws you (2).
* * * LOW HITPOINT WARNING * * *
Unknown command.
You closely miss the troll.
The troll is severely wounded.
The troll bites you (10)!
* * * LOW HITPOINT WARNING * * *
The troll claws you (9)!
You die...

..###......#........
#........).#.....#
##......o..#.##..#
#.######..[)....# #
#....##...#
#...###..P#
#...####..#
#..#.o###.##
....##ooT@..# #####
#.##...# #......#
#......##+#
#..........
##.........
#......####
######......#
###...........#


You could see a troll and 3 orcs.

Vanquished Creatures
  An ogre (D:5)
  A scorpion (D:5)
  2 hounds
  A centaur skeleton (D:4)
  Jessica (D:3)
  Natasha (thrice) (D:3)
  Terence (D:3)
  An orc wizard (D:4)
  A worker ant (D:4)
  2 iguanas (D:4)
  3 adders
  A dart slug (D:1)
  8 orcs
  3 quokkas
  11 bats
  A giant cockroach (D:3)
  7 goblins
  7 hobgoblins
  11 jackals
  8 kobolds
  5 ball pythons
  7 frilled lizards
  12 rats
98 creatures vanquished.

Notes
Turn   | Place    | Note
-------+----------+-------------------------------------------
     0 | D:1      | Implojin the Human Fighter began the quest for the Orb.
     0 | D:1      | Reached XP level 1. HP: 18/18 MP: 1/1
    66 | D:1      | Reached XP level 2. HP: 13/24 MP: 2/2
   362 | D:1      | Reached skill level 3 in Unarmed Combat
   473 | D:1      | Reached XP level 3. HP: 25/29 MP: 3/3
   877 | D:2      | Found a glowing silver altar of Zin.
  1011 | D:2      | Noticed a moth of wrath
  1013 | D:2      | Found a bloodstained altar of Trog.
  1218 | D:2      | Reached XP level 4. HP: 35/35 MP: 4/4
  1297 | D:2      | Found a white marble altar of Elyvilon.
  1308 | D:2      | Reached skill level 4 in Unarmed Combat
  1406 | D:2      | Found a faded altar of an unknown god.
  1476 | D:3      | Found a shimmering altar of Xom.
  1539 | D:3      | Noticed Jessica
  1559 | D:3      | Killed Jessica
  1559 | D:3      | Reached XP level 5. HP: 27/41 MP: 5/5
  1814 | D:3      | Reached skill level 5 in Unarmed Combat
  1860 | D:3      | Found an iron altar of Okawaru.
  1862 | D:3      | Found a snail-covered altar of Cheibriados.
  1871 | D:3      | Became a worshipper of Warmaster Okawaru
  1995 | D:3      | Noticed Natasha
  1995 | D:3      | Noticed Terence
  2007 | D:3      | Killed Terence
  2011 | D:3      | Killed Natasha
  2011 | D:3      | Reached XP level 6. HP: 28/47 MP: 6/6
  2275 | D:3      | Found a glowing golden altar of the Shining One.
  2387 | D:3      | Noticed Natasha
  2398 | D:3      | Killed Natasha
  2398 | D:3      | Reached skill level 6 in Unarmed Combat
  2451 | D:3      | Noticed Natasha
  2451 | D:3      | Found a shadowy altar of Dithmenos.
  2466 | D:3      | Killed Natasha
  3072 | D:4      | Found a radiant altar of Vehumet.
  3305 | D:4      | Got the +5 ring mail of Hegham {rElec rCorr}
  3390 | D:4      | Found a burning altar of Makhleb.
  3428 | D:4      | Reached XP level 7. HP: 47/52 MP: 7/7
  3434 | D:4      | Got the +0 robe of the Heavens {-Tele rPois rCorr Dex+2}
  3474 | D:4      | Noticed a dagger
  3499 | D:4      | Noticed a dagger
  3500 | D:4      | Found a hide-covered altar of Uskayaw.
  3502 | D:4      | Found an opulent altar of Gozag.
  3621 | D:4      | Reached skill level 7 in Unarmed Combat
  3733 | D:5      | Entered Level 5 of the Dungeon
  3812 | D:5      | Noticed a troll
  3817 | D:5      | Reached skill level 4 in Fighting
  3853 | D:5      | HP: 9/55 [troll (10)]
  3853 | D:5      | Slain by a troll

Skill      XL: |  1  2  3  4  5  6  7 |
---------------+----------------------+-----
Unarmed Combat | 3 4 5 6 7 |  7.0
Fighting       | 4 |  4.5
Armour         | |  3.0
Shields        | |  3.0

Action                   |  1- 3 |  4- 6 |  7- 9 || total
-------------------------+-------+-------+-------++-------
Melee: Unarmed           |   166 |   234 |    79 ||   479
 Fire: Hunting sling     |       |     9 |       ||     9
Evoke: Wand              |       |       |     7 ||     7
  Use: Potion            |       |     2 |       ||     2
       Scroll            |       |     1 |       ||     1
Armor: Scale mail        |    84 |    73 |       ||   157
       Ring mail         |       |    73 |    44 ||   117
Dodge: Dodged            |    41 |    70 |    24 ||   135
Block: Shield            |    85 |    99 |    39 ||   223

Vault maps used:
D:1:      minmay_arrival_nine_rooms, dk_noncrumbling_2
D:2:      nicolae_overflow_crystal_walls, tgw_trog, overflow_temple_1_default,
          chequers_ecumenical_altar_lobes, minmay_tetromino_t4
D:3:      kennysheep_okawaru_gauntlet, xom_teletrap_fun, tso_altar,
          lemuel_coloured_pillars_altar, overflow_temple_1_default,
          uniq_jessica, uniq_natasha, uniq_terence
D:4:      overflow_temple_1_default, bloody_makhleb, dancing_weapons_uskayaw,
          hangedman_glass_teeth, vehumet_altar_wand_db
D:5:      corexii_shack_village, lemuel_blue_sif_altar, kennysheep_minor_cross

Table legend:
 A = Turns spent in this place as a percentage of turns spent in the entire game.
 B = Non-inter-level travel turns spent in this place as a percentage of non-inter-level travel turns spent in the entire game.
 C = Inter-level travel turns spent in this place as a percentage of turns spent in this place.
 D = Turns resting spent in this place as a percentage of non-inter-level travel turns spent in this place.
 E = Turns spent auto-exploring this place as a percentage of non-inter-level travel turns spent in this place.
 F = Non-inter-level travel turns spent in this place divided by the number of levels of this place that you've seen.
                   A       B       C       D       E      F
               +-------+-------+-------+-------+-------+----------------------
         Total | 100.0 | 100.0 |   0.4 |   1.2 |   7.5 | 286.2
       Dungeon | 100.0 | 100.0 |   0.4 |   1.2 |   7.5 | 286.2
               +-------+-------+-------+-------+-------+----------------------

Table legend:
 A = Kills in this place as a percentage of kills in entire the game.
 B = Kills by you in this place as a percentage of kills by you in the entire game.
 C = Kills by friends in this place as a percentage of kills by friends in the entire game.
 D = Other kills in this place as a percentage of other kills in the entire game.
 E = Experience gained in this place as a percentage of experience gained in the entire game.
 F = Experience gained in this place divided by the number of levels of this place that you have seen.
                   A       B       C       D       E      F
               +-------+-------+-------+-------+-------+----------------------
         Total | 100.0 | 100.0 |  -nan |  -nan | 100.0 | 163.0
       Dungeon | 100.0 | 100.0 |  -nan |  -nan | 100.0 | 163.0
               +-------+-------+-------+-------+-------+----------------------
